 Dungeon Crawl Stone Soup version 0.22.1-2-g9c5b331 (webtiles) character file.

47 redwoodhats the Charlatan (level 3, 0/31 HPs)
             Began as a Deep Dwarf Artificer on Dec 12, 2018.
             Was a Believer of Zin.
             Slain by Natasha (8 damage)
             ... on level 2 of the Dungeon.
             The game lasted 00:07:47 (1945 turns).

redwoodhats the Charlatan (Deep Dwarf Artificer)    Turns: 1945, Time: 00:07:47

Health: 0/31       AC:  3    Str: 16    XL:     3   Next: 48%
Magic:  6/6        EV: 12    Int: 11    God:    Zin [**....]
Gold:   104        SH:  0    Dex: 13    Spells: 2/2 levels left

rFire    . . .     SeeInvis .   a - +0 short sword
rCold    . . .     Gourm    .   (no shield)
rNeg     . . .     Faith    .   b - +0 leather armour
rPois    .         Spirit   .   (no helmet)
rElec    .         Reflect  .   (no cloak)
rCorr    .         Harm     .   (no gloves)
MR       .....                  (no boots)
Stlth    ++........             (no amulet)
HPRegen  0.00/turn              (no ring)
MPRegen  0.10/turn              (no ring)

@: non-regenerating
A: damage resistance, heal wounds, sense surroundings 1, no regeneration
a: Heal Wounds, Recite, Vitalisation, Donate Gold, Renounce Religion


You were on level 2 of the Dungeon.
You worshipped Zin.
Zin was pleased with you.
You were not hungry.

You visited 1 branch of the dungeon, and saw 2 of its levels.

You collected 115 gold pieces.
You donated 11 gold pieces to Zin.

Inventory:

Hand Weapons
 a - a +0 short sword (weapon)
 i - a cursed -3 dagger
Armour
 b - a +0 leather armour (worn)
 g - a +0 ring mail
Wands
 c - a wand of flame (12)
 d - a wand of enslavement (15)
 e - a wand of random effects (15)
Scrolls
 h - a scroll of fog {unknown}
Potions
 j - a potion of mutation {unknown}
 k - a potion of might {unknown}
 l - a potion of berserk rage {unknown}
Comestibles
 f - 4 rations


   Skills:
 + Level 1.1 Fighting
 + Level 1.7 Short Blades
 + Level 0.4 Armour
 + Level 2.7 Dodging
 + Level 2.0 Stealth
 + Level 4.6 Evocations


You had 2 spell levels left.
You didn't know any spells.
Your spell library was empty.

Dungeon Overview and Level Annotations

Branches:
Dungeon (2/15)

Altars:
Zin
The Shining One

Annotations:
D:2 Natasha


Innate Abilities, Weirdness & Mutations

You are resistant to damage.
You can heal yourself by infusing magical energy.
You passively map a small area around you.
You do not regenerate.


Message History

You hit Natasha.
Natasha is heavily wounded.
Natasha claws you but does no damage. The crimson imp closely misses you.
You hit Natasha.
Natasha is severely wounded.
Natasha closely misses you. The crimson imp hits you.
You barely miss Natasha.
Natasha is severely wounded.
Natasha drinks a potion.
Natasha is healed!
The crimson imp hits you.
* * * LOW HITPOINT WARNING * * *
You hit Natasha.
Natasha is lightly wounded.
Natasha misses you. The crimson imp hits you.
You miss Natasha.
Natasha is lightly wounded.
Natasha claws you but does no damage. The crimson imp hits you.
Your leather armour prevents you from hitting Natasha.
Natasha is lightly wounded.
Natasha claws you!
You die...

. ####...# * . #....>.# .
#...%..# , . #......# .
#...... . #....# . #..h.#
*
######.5@$###############
#........................
##.###############.......
#.# ##....... #.#
**#........ #.# +........
#.# #...))... #.#
#...##### #.# *,#...##...


You could see Natasha and a crimson imp.

Vanquished Creatures
  An ooze (D:2)
  A worm (D:2)
  2 leopard geckos (D:1)
  2 ball pythons
  3 bats (D:2)
  2 giant cockroaches
  5 goblins
  4 hobgoblins
  3 frilled lizards (D:1)
  6 kobolds
  9 rats
38 creatures vanquished.

Notes
Turn   | Place    | Note
-------+----------+-------------------------------------------
     0 | D:1      | redwoodhats the Deep Dwarf Artificer began the quest for
                  | the Orb.
     0 | D:1      | Reached XP level 1. HP: 16/16 MP: 3/3
    92 | D:1      | Reached skill level 1 in Short Blades
   189 | D:1      | Reached XP level 2. HP: 24/24 MP: 5/5
   343 | D:1      | Reached skill level 1 in Fighting
   885 | D:2      | Found a faded altar of an unknown god.
   893 | D:2      | Became a worshipper of Zin the Law-Giver
   893 | D:2      | Reached * piety under Zin
   903 | D:2      | Reached XP level 3. HP: 31/31 MP: 6/6
  1109 | D:2      | Found a glowing golden altar of the Shining One.
  1683 | D:2      | Reached ** piety under Zin
  1931 | D:2      | Noticed Natasha
  1945 | D:2      | Slain by Natasha

Skill      XL: |  1  2  3 |
---------------+----------+-----
Short Blades   | 1 |  1.7
Fighting       | 1 |  1.1
Stealth        | 2 |  2.0
Armour         | |  0.4
Dodging        | |  2.7
Evocations     | |  4.6

Action                   || total
-------------------------++-------
Melee: Short sword       ||   139
 Abil: Heal Wounds       ||     1
Evoke: Wand              ||     3
  Use: Scroll            ||     2
       Potion            ||     2
 Stab: Sleeping          ||     4
  Eat: Ration            ||     1
       Chunk             ||     1
Armor: Leather armour    ||    35
Dodge: Dodged            ||    87
